 Dungeon Crawl Stone Soup version 0.27-a0-1119-gbf574a6 (webtiles) character file.

Game seed: 17239316076496383594

2436 Nithhogg the Severer (level 9, -9/63 HPs)
             Began as a Hill Orc Fighter on May 2, 2021.
             Was an Initiate of Qazlal.
             Killed from afar by a steam dragon (26 damage)
             ... with a ball of steam
             ... on level 7 of the Dungeon.
             The game lasted 00:10:19 (8135 turns).

Nithhogg the Severer (Hill Orc Fighter)             Turns: 8135, Time: 00:10:19

Health: -9/63      AC:  7    Str: 24    XL:     9   Next: 49%
Magic:  9/9        EV:  5    Int:  8    God:    Qazlal [......]
Gold:   416        SH: 28    Dex: 10    Spells: 8/8 levels left

rFire    . . .     SeeInvis .   a - +1 war axe (vorpal)
rCold    + . .     Faith    .   j - +14 tower shield of the True Pharaoh {rC+}
rNeg     . . .     Spirit   .   b - +1 scale mail
rPois    .         Reflect  .   (no helmet)
rElec    .         Harm     .   (no cloak)
rCorr    .         Rampage  .   (no gloves)
Will     +....                  (no boots)
Stlth    ..........             (no amulet)
HPRegen  0.20/turn              l - ring of willpower
MPRegen  0.11/turn              (no ring)

@: about to teleport
A: frail 1, strong 1
a: Renounce Religion


You were on level 7 of the Dungeon.
You worshipped Qazlal.
Qazlal was noncommittal.
You visited 2 branches of the dungeon, and saw 8 of its levels.

You collected 416 gold pieces.

Inventory:

Hand Weapons
 a - a +1 vorpal war axe (weapon)
Missiles
 o - a throwing net
 q - a curare-tipped dart
Armour
 b - a +1 scale mail (worn)
 c - a +0 kite shield
 j - the +14 tower shield of the True Pharaoh (worn) {rC+}
   (You found it on level 7 of the Dungeon)

   It protects you from cold.
 z - a +1 pair of boots
Jewellery
 d - a ring of fire
 l - a ring of willpower (left hand)
 p - a ring of fire
 y - an amulet of the acrobat
Wands
 u - a wand of flame (16)
 w - a wand of iceblast (7)
Scrolls
 e - 4 scrolls of amnesia
 g - 2 scrolls of magic mapping
 k - a scroll of silence
 s - 6 scrolls of identify
Potions
 f - a potion of haste {unknown}
 i - a potion of ambrosia {unknown}
 m - a potion of magic {unknown}
 n - a potion of brilliance {unknown}
 t - a potion of berserk rage {unknown}
 v - a potion of flight {unknown}
 x - a potion of cancellation {unknown}


   Skills:
 + Level 3.8 Fighting
 + Level 15.2 Axes
 + Level 3.5 Armour
 + Level 3.5 Shields
 + Level 1.1 Invocations


You had 8 spell levels left.
You didn't know any spells.
Your spell library contained the following spells:

 Spells                   Type           Power      Damage    Failure   Level
 Confusing Touch          Hex            0%         N/A       100%        3
 Gell's Gravitas          Tloc           0%         N/A       100%        3
 Petrify                  Tmut/Erth      0%         N/A       100%        4
 Metabolic Englaciation   Hex/Ice        0%         N/A       100%        5
 Yara's Violent Unravell  Hex/Tmut       0%         3d3       100%        5


Dungeon Overview and Level Annotations

Branches:
Dungeon (7/15)             Temple (1/1) D:7

Altars:
Ashenzari
Cheibriados
Dithmenos
Elyvilon
Fedhas
Gozag
Hepliaklqana
Kikubaaqudgha
Makhleb
Nemelex Xobeh
Okawaru
Qazlal
Ru
Trog
Uskayaw
Vehumet
Xom
Yredelemnul
Zin
The Shining One

Shops:
D:1 !   D:6 :?:


Innate Abilities, Weirdness & Mutations

You are frail. (-10% HP)
Your muscles are strong. (Str +2)


Message History

You block the steam dragon's attack. x2
The steam dragon breathes steam at you. The ball of steam hits you!!
You are too injured to fight recklessly!
You are too injured to fight recklessly!
You are too injured to fight recklessly!
You are too injured to fight recklessly!
You are too injured to fight recklessly!
You are too injured to fight recklessly!
You are too injured to fight recklessly!
You are too injured to fight recklessly!
You are too injured to fight recklessly!
A nearby fungus withers and dies.
You block the steam dragon's attack. x2
The steam dragon bites you but does no damage.
The steam dragon claws you but does no damage.
Okay, then.
You hit the steam dragon.
The steam dragon is lightly wounded.
You slash the steam dragon!
A nearby fungus withers and dies.
The fungus is engulfed in a cloud of scalding steam.
The fungus begins to die.
You block the steam dragon's attack. x2
The steam dragon breathes steam at you. The ball of steam hits you!
* * * LOW HITPOINT WARNING * * *
Okay, then.
It was a potion of curing.
You feel better.
You block the steam dragon's attack. x3; The steam dragon barely misses you.
You feel better.
A nearby fungus withers and dies.
You block the steam dragon's attack. x2
The steam dragon breathes steam at you. The ball of steam hits you!
* * * LOW HITPOINT WARNING * * *
As you read the scroll of teleportation, it crumbles to dust.
You feel strangely unstable. The steam dragon bites you.
* * * LOW HITPOINT WARNING * * *
You block the steam dragon's attack. x3
You feel better. The steam dragon breathes steam at you.
The ball of steam hits you!!
You die...

.# #.# #####.##......# .# #.#
##.^...P# #.........# .###.#
#≈P....≈###.......#.# .....#
#≈P......####.#...#.# ######
#≈P....≈.# #...#.#.# #....≈.#
#####.#.# ###############P≈..≈#
#####.#.# .............# #DD≈#
#...#.#<# ############.# #@..#
###...#.#.# #.# #...# #.......#.#
#.# #..≈# #.......#.# ###.###P.^#
#.......#.# #.....#...#
####...###.#
##########.#.#.#≈.####..........#
...............#≈.#....#######..#
##########.#.###..####<# #..#
##########....#..P# #.# #..#


You could see 2 steam dragons.

Vanquished Creatures
  A steam dragon (D:6)
  Menkaure (D:5)
  3 water moccasins
  A black bear (D:6)
  A necrophage (D:7)
  2 ice beasts (D:5)
  2 ogres
  2 phantoms
  A kobold brigand (D:6)
  Blork the orc (D:5)
  A bullfrog (D:7)
  A wyvern zombie (D:5)
  2 scorpions
  A howler monkey (D:4)
  2 centaur zombies
  A hound (D:5)
  2 jellies
  A gnoll shaman (D:5)
  4 orc priests
  A bullfrog skeleton (D:6)
  An iguana (D:6)
  3 orc wizards
  A killer bee zombie (D:7)
  2 hound skeletons
  15 gnolls
  8 adders
  A white imp (D:5)
  An adder skeleton (D:4)
  A worm (D:4)
  8 orcs
  10 ball pythons
  5 endoplasms
  2 giant cockroaches
  5 goblins
  5 hobgoblins
  5 quokkas
  2 bats (D:1)
  A frilled lizard (D:1)
  10 kobolds
  3 rats (D:3)
120 creatures vanquished.

Vanquished Creatures (others)
  3 fungi (D:7)
3 creatures vanquished.

Grand Total: 123 creatures vanquished

Notes
Turn   | Place    | Note
-------+----------+-------------------------------------------
     0 | D:1      | Nithhogg the Hill Orc Fighter began the quest for the Orb.
     0 | D:1      | Reached XP level 1. HP: 19/19 MP: 1/1
    59 | D:1      | Reached skill level 3 in Axes
   167 | D:1      | Reached XP level 2. HP: 18/26 MP: 2/2
   493 | D:1      | You fall into a shaft and drop 1 floor!
   503 | D:2      | Reached skill level 4 in Axes
   681 | D:1      | Found Nepig's Distillery.
   860 | D:1      | Reached XP level 3. HP: 24/31 MP: 3/3
  1107 | D:2      | Reached skill level 5 in Axes
  1373 | D:2      | Found a hazy altar of Hepliaklqana.
  1544 | D:2      | Found a faded altar of an unknown god.
  1943 | D:3      | Reached XP level 4. HP: 35/39 MP: 4/4
  1950 | D:3      | Reached skill level 6 in Axes
  2152 | D:3      | Reached XP level 5. HP: 15/45 MP: 5/5
  2581 | D:4      | Reached skill level 7 in Axes
  3339 | D:4      | Noticed a phantom
  3351 | D:4      | Killed a phantom
  3352 | D:4      | Reached skill level 8 in Axes
  3352 | D:4      | Reached XP level 6. HP: 35/51 MP: 6/6
  3424 | D:4      | Found a broken altar of Ashenzari.
  3556 | D:4      | Reached skill level 9 in Axes
  4125 | D:4      | Gained mutation: You are frail. (-10% HP) [potion of
                  | mutation]
  4125 | D:4      | Gained mutation: Your muscles are strong. (Str +2) [potion
                  | of mutation]
  4200 | D:5      | Entered Level 5 of the Dungeon
  4363 | D:5      | Reached XP level 7. HP: 38/51 MP: 7/7
  4463 | D:5      | Reached skill level 10 in Axes
  4553 | D:5      | Found a shadowy altar of Dithmenos.
  4556 | D:5      | Found a white marble altar of Elyvilon.
  4557 | D:5      | Found a sparkling altar of Nemelex Xobeh.
  4557 | D:5      | Found a burning altar of Makhleb.
  4557 | D:5      | Found a hazy altar of Hepliaklqana.
  4559 | D:5      | Found a glowing silver altar of Zin.
  4562 | D:5      | Found a snail-covered altar of Cheibriados.
  4600 | D:5      | Noticed Blork the orc
  4620 | D:5      | Killed Blork the orc
  4621 | D:5      | Reached skill level 11 in Axes
  4669 | D:5      | Reached XP level 8. HP: 31/57 MP: 8/8
  5028 | D:5      | Noticed Menkaure
  5039 | D:5      | Reached skill level 12 in Axes
  5041 | D:5      | Killed Menkaure
  5637 | D:6      | Found Hameduv's Magic Scroll Boutique.
  5675 | D:5      | Reached skill level 13 in Axes
  6031 | D:6      | Found Vujutat's Book Boutique.
  6472 | D:6      | Reached skill level 14 in Axes
  6472 | D:6      | Reached XP level 9. HP: 63/63 MP: 9/9
  6580 | D:6      | Found Sekhlius's Book Boutique.
  7189 | D:7      | Reached skill level 15 in Axes
  7364 | D:7      | Found a blossoming altar of Fedhas.
  7408 | D:7      | Found a staircase to the Ecumenical Temple.
  7442 | D:7      | Identified the +14 tower shield of the True Pharaoh {rC+}
  7457 | Temple   | Entered the Ecumenical Temple
  7658 | Temple   | Became a worshipper of Qazlal Stormbringer
  7738 | D:7      | Found a glowing golden altar of the Shining One.
  7974 | D:7      | Found a radiant altar of Vehumet.
  8056 | D:7      | Reached skill level 1 in Invocations
  8135 | D:7      | Killed from afar by a steam dragon

Illustrated notes

Levels and vault maps discovered:
D:1:      enne_arrival_octagon_isle, layout_basic, serial_shops, shop_fountains
D:2:      layout_loops_ring, basic_altar, hellmonk_ecumenical_altar_zigzags
D:3:      layout_basic, feat_on_display
D:4:      layout_loops_ring, evilmike_ruin_ashenzari, kennysheep_generic_room_3
D:5:      layout_rooms, minitemple, chequers_serial_rivers_marsh,
          patterned_corridor, uniq_menkaure, uniq_blork_the_orc
D:6:      layout_loops_ring, serial_shops, kennysheep_mini_moat,
          nicolae_shop_stone, kennysheep_mini
D:7:      kennysheep_steamy, layout_loops_ring, kennysheep_little_box,
          tso_metal_star, nicolae_vehumet_radiance, minmay_temple_entry_junction
Temple:   chequers_temple_sunken

Skill      XL: |  1  2  3  4  5  6  7  8  9 |
---------------+----------------------------+-----
Axes           | 3 4 5 6 8 9 11 14 15 | 15.2
Invocations    | 1 |  1.1
Fighting       | |  3.8
Armour         | |  3.5
Shields        | |  3.5

Action                   |  1- 3 |  4- 6 |  7- 9 || total
-------------------------+-------+-------+-------++-------
Melee: War axe           |   105 |   129 |   164 ||   398
Evoke: Wand              |       |       |    10 ||    10
  Use: Scroll            |       |     9 |     3 ||    12
       Potion            |       |     2 |     3 ||     5
Armor: Scale mail        |    53 |    43 |    49 ||   145
Dodge: Dodged            |    32 |    45 |    36 ||   113
Block: Kite shield       |    63 |    75 |    56 ||   194
       Tower shield      |       |       |    20 ||    20

Table legend: (Time is in decaauts)
 A = Elapsed time spent in this place.
 B = Non-inter-level travel time spent in this place.
 C = Inter-level travel time spent in this place.
 D = Time resting spent in this place.
 E = Time spent auto-exploring this place.
 F = Levels seen in this place.
 G = Mean time per level.
                   A        B        C        D        E       F      G
               +--------+--------+--------+--------+--------+-----+--------+
         Total |   8316 |   8100 |    216 |    266 |   6719 |   8 | 1039.5 |
       Dungeon |   8026 |   7836 |    190 |    266 |   6501 |   7 | 1146.6 |
        Temple |    290 |    265 |     25 |      0 |    218 |   1 |  290.0 |
               +--------+--------+--------+--------+--------+-----+--------+

Top non-repeatable levels by time:
     D:6: 1501 daAuts
     D:4: 1466 daAuts
     D:5: 1399 daAuts
     D:3: 1149 daAuts
     D:1: 1024 daAuts
     D:7: 829 daAuts
     D:2: 656 daAuts
  Temple: 290 daAuts
